 Dungeon Crawl Stone Soup version 0.25-a0-505-gae4569222e (webtiles) character file.

Game seed: 3738609866374425066, levelgen mode: deterministic

214 kae the Insei (level 5, -6/42 HPs)
             Began as a Demonspawn Gladiator on Feb 14, 2020.
             Was an Initiate of Wu Jian.
             Mangled by a hornet zombie (7 damage)
             ... in an ossuary.
             The game lasted 00:03:51 (3964 turns).

kae the Insei (Demonspawn Gladiator)                Turns: 3964, Time: 00:03:51

Health: -6/42      AC:  9    Str: 15    XL:     5   Next: 59%
Magic:  5/5        EV: 12    Int:  9    God:    Wu Jian [......]
Gold:   191        SH:  0    Dex: 15    Spells: 4/4 levels left

rFire    . . .     SeeInvis .     - Unarmed
rCold    . . .     Gourm    .   (no shield)
rNeg     . . .     Faith    .   a - +0 leather armour
rPois    .         Spirit   .   b - +0 helmet
rElec    .         Reflect  .   l - +0 cloak
rCorr    .         Harm     .   j - +1 pair of gloves
MR       .....                  (no boots)
Stlth    ++........             (no amulet)
HPRegen  0.14/turn              g - ring of stealth
MPRegen  0.09/turn              (no ring)

@: no status effects
A: slimy green scales 1, spiny 1
a: Renounce Religion


You were in an ossuary.
You worshipped Wu Jian.
Wu Jian was noncommittal.
You were hungry.

You visited 2 branches of the dungeon, and saw 5 of its levels.
You also visited: Ossuary.

You collected 191 gold pieces.

Inventory:

Missiles
 c - 3 throwing nets (quivered)
Armour
 a - a +0 leather armour (worn)
 b - a +0 helmet (worn)
 j - a +1 pair of gloves (worn)
 l - a +0 cloak (worn)
Jewellery
 g - a ring of stealth (left hand)
Wands
 p - a wand of iceblast (7)
Scrolls
 e - 2 scrolls of remove curse
 r - 2 scrolls of identify
 s - a scroll of teleportation {unknown}
Potions
 f - a potion of cancellation
 h - a potion of lignification
 i - a potion of brilliance
 k - a potion of might
 m - a potion of curing
 n - a potion of invisibility {unknown}
 o - a potion of flight {unknown}
Comestibles
 d - 10 rations


   Skills:
 + Level 3.7 Fighting
 - Level 1.7 Throwing
 - Level 2.6 Dodging
 * Level 5.0 Unarmed Combat


You had 4 spell levels left.
You didn't know any spells.
Your spell library was empty.

Dungeon Overview and Level Annotations

Branches:
Dungeon (4/15)             Temple (1/1) D:4         Ossuary (1/1)

Altars:
Cheibriados
Dithmenos
Fedhas
Makhleb
Uskayaw
Vehumet
Wu Jian
Yredelemnul

Annotations:
D:2 exclusion: 3 gnolls


Innate Abilities, Weirdness & Mutations

You are partially covered in slimy green scales. (AC +2)
You are partially covered in sharp spines.


Message History

You completely miss the hornet zombie.
The hornet zombie is severely damaged.
The hornet zombie hits you but does no damage.
You closely miss the hornet zombie.
The hornet zombie is severely damaged.
The hornet zombie hits you but does no damage.
You hit the hornet zombie.
The hornet zombie is almost destroyed.
The hornet zombie hits you.
* * * LOW HITPOINT WARNING * * *
You closely miss the hornet zombie.
The hornet zombie is almost destroyed.
The hornet zombie misses you.
You barely miss the hornet zombie.
The hornet zombie is almost destroyed.
The hornet zombie is struck by your spines.
The hornet zombie hits you!
* * * LOW HITPOINT WARNING * * *
The hornet zombie hits you!
You die...

≈≈≈ #≈##
#≈≈P ≈.≈ #≈.
###≈### ##
#.≈≈ZP##≈≈#
#####@≈#≈≈≈#
#∩..#≈≈P≈#
#.∩.'≈##≈#
#...#≈+ #
#####.# ≈.+
#+#


You could see a hornet zombie.

Vanquished Creatures
  A scorpion (D:3)
  A hound (D:4)
  An orc wizard (D:3)
  A worker ant (D:4)
  2 adders (D:3)
  2 worms
  2 leopard geckos
  5 orcs
  3 giant cockroaches
  2 gnoll zombies (D:4)
  6 hobgoblins
  6 bats
  5 frilled lizards
  7 goblins
  6 kobolds
  10 rats
60 creatures vanquished.

Notes
Turn   | Place    | Note
-------+----------+-------------------------------------------
     0 | D:1      | kae the Demonspawn Gladiator began the quest for the Orb.
     0 | D:1      | Reached XP level 1. HP: 16/16 MP: 1/1
   186 | D:1      | Reached skill level 3 in Unarmed Combat
   211 | D:1      | Gained mutation: You are partially covered in sharp spines.
                  | [demonic ancestry]
   211 | D:1      | Reached XP level 2. HP: 17/22 MP: 2/2
  1251 | D:2      | Reached XP level 3. HP: 28/28 MP: 3/3
  2436 | D:3      | Reached skill level 4 in Unarmed Combat
  2442 | D:3      | Gained mutation: You are partially covered in slimy green
                  | scales. (AC +2) [demonic ancestry]
  2442 | D:3      | Reached XP level 4. HP: 27/34 MP: 4/4
  2915 | D:3      | Reached XP level 5. HP: 25/41 MP: 5/5
  3139 | D:3      | Found a blossoming altar of Fedhas.
  3524 | D:4      | Found a basalt altar of Yredelemnul.
  3692 | D:4      | Found a staircase to the Ecumenical Temple.
  3704 | Temple   | Entered the Ecumenical Temple
  3795 | Temple   | Became a worshipper of the Wu Jian Council
  3829 | D:4      | Reached skill level 5 in Unarmed Combat
  3936 | D:4      | Found a sand-covered staircase.
  3943 | Ossuary  | Entered an ossuary
  3964 | Ossuary  | HP: 1/42 [hornet zombie (10)]
  3964 | Ossuary  | Mangled by a hornet zombie

Levels and vault maps discovered:
D:1:      ncdulo_watergridlock, layout_loops_ring, serial_bayou,
          serial_bayou_pond_e, serial_bayou_pond_e, serial_bayou_shore_a,
          serial_bayou_lagoon_b, serial_bayou_ford_a
D:2:      layout_basic, minivault_24, minmay_misc_feat_chi, minivault_25
D:3:      layout_basic, fedhas_altar_1, grunt_ministairs_15,
          minmay_misc_feat_rugged
D:4:      layout_loops_corners, lemuel_zombie_altar_yredelemnul,
          minmay_temple_entry_wispy, enter_ossuary_4, first_ration,
          kennysheep_another_room, st_stairs_7
Temple:   nicolae_temple_figure_eight
Ossuary:  ossuary_zaba_flooded

Skill      XL: |  1  2  3  4  5 |
---------------+----------------+-----
Unarmed Combat | 3 4 5 |  5.0
Fighting       | 3 |  3.7
Throwing       | |  1.7
Dodging        | |  2.6

Action                   |  1- 3 |  4- 6 || total
-------------------------+-------+-------++-------
Melee: Unarmed           |   121 |    61 ||   182
Invok: Lunge             |       |     1 ||     1
  Use: Scroll            |     6 |     6 ||    12
 Stab: Sleeping          |     5 |     2 ||     7
  Eat: Chunk             |     5 |     4 ||     9
Armor: Leather armour    |    40 |    21 ||    61
Dodge: Dodged            |    65 |    22 ||    87

Table legend:
 A = Non-vault XP
 B = Vault XP
 C = Vault XP percentage of total XP
 D = Non-vault monster count
 E = Vault monster count
 F = Vault count percentage of total count
                 A         B        C        D         E       F
            +---------+---------+-------+---------+---------+-------
      Total |     244 |      62 |  20.3 |      54 |       6 |  10.0
            +---------+---------+-------+---------+---------+-------
        D:1 |      32 |       0 |   0.0 |      22 |       0 |   0.0
        D:2 |       9 |       0 |   0.0 |       5 |       0 |   0.0
        D:3 |     160 |      15 |   8.6 |      23 |       2 |   8.0
        D:4 |      43 |      47 |  52.2 |       4 |       4 |  50.0
            +---------+---------+-------+---------+---------+-------
